 Dungeon Crawl Stone Soup version 0.31.0-32-g396128a36d (webtiles) character file.

Game seed: 9420880432767403685

48 James the Shooter (level 3, 0/29 HPs)
             Began as a Draconian Hexslinger on Mar 17, 2024.
             Succumbed to a scorpion's poison
             ... on level 2 of the Dungeon.
             The game lasted 00:02:28 (1129 turns).

James the Shooter (Draconian Hexslinger)            Turns: 1129, Time: 00:02:29

Health: 0/29       AC:  5    Str: 10    XL:     3   Next: 50%
Magic:  4/4        EV: 12    Int: 13    God:
Gold:   93         SH:  0    Dex: 15    Spells: 4/4 levels left

rFire   . . .        a - +1 sling
rCold   . . .        (no shield)
rNeg    . . .        (body armour unavailable)
rPois   .            (helmet restricted)
rElec   .            (no cloak)
rCorr   .            (no gloves)
SInv    .            (no boots)
Will    .....        (no amulet)
Stlth   +            (no ring)
HPRegen 0.24/turn    (no ring)
MPRegen 0.09/turn

%: no passive effects
@: brilliant, lethally poisoned (0 -> -15)
A: AC +5, unfitting armour, cold-blooded
a: no special abilities


You were on level 2 of the Dungeon.
You visited 1 branch of the dungeon, and saw 2 of its levels.

You collected 93 gold pieces.

Inventory:

Hand Weapons
 a - a +1 sling (weapon)
 b - a +0 dagger
   (You took it off a kobold on level 1 of the Dungeon)
 g - a +0 short sword
   (You took it off a kobold on level 1 of the Dungeon)
 j - a +0 long sword
   (You found it on level 2 of the Dungeon)
Scrolls
 c - 2 scrolls of poison {!r}
 d - a scroll of teleportation {unknown}
 f - a scroll of vulnerability {unknown}
 k - a scroll of identify {unknown}
Potions
 h - a potion of mutation {unknown}
 i - a potion of lignification {unknown}


   Skills:
 + Level 2.0 Fighting
 * Level 2.8 Ranged Weapons
 + Level 2.3 Dodging
 - Level 1.0 Spellcasting
 - Level 2.6 Hexes
 - Level 1.0 Fire Magic


You had 4 spell levels left.
You didn't know any spells.
Your spell library contained the following spells:

 Spells                   Type           Power      Damage    Failure   Level
 Jinxbite                 Hex            22%        N/A       14%         2
 Sigil of Binding         Hex            11%        N/A       28%         3
 Inner Flame              Hex/Fire       8%         N/A       36%         3
 Cause Fear               Hex            5%         N/A       67%         4
 Dimensional Bullseye     Hex/Tloc       3%         N/A       85%         4


Dungeon Overview and Level Annotations

Branches:
Dungeon (2/15)

Altars:


Innate Abilities, Weirdness & Mutations

Your plain brown scales are hard. (AC +5)
You cannot fit into any form of body armour.
You are cold-blooded and may be slowed by cold attacks.


Message History

k - a scroll labelled WULEIBR JEOT
Found 7 gold pieces.
Found a stone staircase leading up.
A scorpion comes into view.
You shoot a sling bullet. The sling bullet hits the scorpion.
A bat comes into view.
You shoot a sling bullet. The sling bullet barely misses the bat.
The sling bullet barely misses the scorpion.
You shoot a sling bullet. The sling bullet hits the bat.
You kill the bat!
You shoot a sling bullet.
The sling bullet barely misses the scorpion.
You shoot a sling bullet.
The sling bullet closely misses the scorpion.
The scorpion barely misses you.
You shoot a sling bullet. The sling bullet hits the scorpion.
The scorpion stings you. The scorpion closely misses you.
You shoot a sling bullet.
The sling bullet barely misses the scorpion.
The scorpion stings you.
You are poisoned.
The scorpion poisons you! The scorpion barely misses you.
You shoot a sling bullet.
The sling bullet hits the scorpion but does no damage.
You feel sick.
The scorpion stings you but does no damage.
You shoot a sling bullet. The sling bullet hits the scorpion.
You feel sick. The scorpion closely misses you.
Fire: a) +1 sling
Press: ? - help, Q - select action Shift-Dir - straight line, f/p - scorpion
Aim: a scorpion (severely wounded, 59% to hit)
You shoot a sling bullet.
The sling bullet hits the scorpion but does no damage.
You feel sick. The scorpion stings you.
* * * LOW HITPOINT WARNING * * *
You are more poisoned.
The scorpion poisons you! The scorpion stings you.
* * * LOW HITPOINT WARNING * * *
You are more poisoned.
The scorpion poisons you!
Fire: a) +1 sling
Press: ? - help, Q - select action Shift-Dir - straight line, f/p - scorpion
Aim: a scorpion (severely wounded, 59% to hit)
You shoot a sling bullet.
The sling bullet closely misses the scorpion.
* * * LOW HITPOINT WARNING * * *
You feel extremely sick. The scorpion closely misses you.
The scorpion barely misses you.
It was a potion of brilliance.
You feel clever all of a sudden.
You die...

.......# .#.. ..#.##.#
#... ... ..#.#..# #..#
.. ..#.#..# #..# ..
..#.#..########..# .
..#..............#.#
.<..##.##...##...#†#
............#....s.#####
.....#.#...†#.).@....$..
.....#.#................
.....#.#....#...........
.....#.#....#........<..
.....#.######...........
.....# ............
#######...... ......


You could see a scorpion.

Vanquished Creatures
  An adder (D:2)
  A ribbon worm (D:1)
  A dart slug (D:1)
  6 ball pythons
  4 bats
  3 endoplasms (D:1)
  4 goblins
  A hobgoblin (D:2)
  3 jackals (D:1)
  4 kobolds (D:1)
  4 rats
32 creatures vanquished.

Notes
Turn   | Place    | Note
-------+----------+-------------------------------------------
     0 | D:1      | James the Draconian Hexslinger began the quest for the Orb.
     0 | D:1      | Reached XP level 1. HP: 16/16 MP: 2/2
   350 | D:1      | Reached XP level 2. HP: 19/23 MP: 3/3
   905 | D:2      | Reached XP level 3. HP: 29/29 MP: 4/4
  1117 | D:2      | Noticed a scorpion
  1129 | D:2      | Succumbed to a scorpion's poison

Illustrated notes

Levels and vault maps discovered:
D:1:      minmay_arrival_widening_spiral_narrow, layout_basic
D:2:      layout_basic, uniq_crazy_yiuf_cottage

Skill      XL: |  1  2  3 |
---------------+----------+-----
Ranged Weapons | 2 |  2.8
Dodging        | 2 |  2.3
Fighting       | 2 |  2.0
Spellcasting   | |  1.0
Hexes          | |  2.6
Fire Magic     | |  1.0

Action                     || total
---------------------------++-------
   Fire: Sling             ||   110
    Use: Potion            ||     1
 Armour: Skin              ||    28
  Dodge: Dodged            ||    37
